Map: Acid Plant LE

Players

GOStephano (Stephano) - Winner!

  • Race: Zerg Zerg
  • Spawn Location: 11:00

Tesla (Rob)

  • Race: Protoss Protoss
  • Spawn Location: 5:00

Event: WCS Austin 2018

VOD

Have the link to the VOD?

Description

Time

  • Played on: June 1, 2018, 5:30 p.m.
  • Length: 11:16

All games in this series

Show
View Real Time Build Order
Export as new Build Order

GOStephano Zerg - Winner!

Build Orders: Hatch First, Roach Hydra 

Get SALT Encoding   

  12  0:00  Drone  
  13  0:12  Overlord  
  13  0:17  Drone  
  14  0:30  Drone x2  
  16  0:48  Hatchery  
  15  0:52  Drone  
  15  0:56  Drone  
  17  0:58  Drone  
  18  1:12  Extractor  
  18  1:14  Spawning Pool  
  18  1:17  Drone  
  17  1:21  Drone  
  18  1:31  Drone  
  19  1:40  Drone  
  20  1:50  Drone  
  21  2:00  Queen x2  
  25  2:01  Zergling x2  
  25  2:02  Overlord  
  26  2:11  Drone x2  
  26  2:14  Metabolic Boost  
  28  2:21  Drone x2  
  30  2:37  Hatchery  
  29  2:40  Queen  
  29  2:43  Zergling x2  
  32  2:47  Overlord  
  32  2:50  Drone  
  33  2:52  Drone  
  34  3:01  Drone  
  34  3:03  Overlord  
  35  3:09  Drone x2  
  35  3:10  Drone x2  
  35  3:11  Drone  
  40  3:13  Drone  
  40  3:16  Zergling x2  
  40  3:18  Zergling x2  
  43  3:23  Drone  
  43  3:24  Overlord  
  44  3:27  Evolution Chamber  
  44  3:30  Drone  
  44  3:37  Overlord  
  44  3:44  Drone x3  
  44  3:46  Drone  
  44  3:47  Drone  
  49  3:50  Spore Crawler, Drone  
  49  3:51  Drone x2  
  49  3:53  Zerg Melee Weapons Level 1  
  51  3:56  Drone  
  51  4:01  Drone x3  
  55  4:05  Spore Crawler  
  54  4:14  Queen  
  54  4:16  Spore Crawler  
  55  4:18  Zergling x2  
  55  4:19  Zergling x6  
  55  4:21  Zergling x4  
  61  4:26  Queen  
  61  4:27  Overlord  
  63  4:35  Spore Crawler  
  63  4:37  Spore Crawler  
  63  4:38  Spore Crawler  
  58  4:40  Overlord  
  58  4:42  Drone x2  
  58  4:44  Drone x3  
  66  4:49  Drone x6  
  72  4:56  Lair  
  72  4:59  Roach Warren  
  71  5:01  Extractor  
  71  5:02  Extractor  
  71  5:04  Drone x3  
  72  5:07  Drone x2  
  72  5:10  Overlord  
  74  5:18  Overlord  
  74  5:25  Zergling x22  
  77  5:30  Zergling x2  
  77  5:31  Zergling x2  
  77  5:36  Overlord  
  77  5:44  Roach  
  77  5:45  Roach x3  
  85  5:50  Roach  
  85  5:52  Zerg Missile Weapons Level 1  
  85  5:55  Glial Reconstitution  
  87  5:58  Overlord, Roach x2  
  91  6:06  Roach x2  
  91  6:10  Hatchery  
  93  6:14  Roach x3  
  93  6:17  Roach  
  99  6:20  Zergling x14  
  106  6:31  Roach x3  
  112  6:35  Roach  
  112  6:36  Overlord  
  114  6:47  Overlord  
  114  6:51  Overlord x2  
  114  6:56  Drone x8  
  114  6:58  Extractor x2  
  114  6:59  Hydralisk Den  
  119  7:07  Drone x2  
  117  7:08  Drone x2  
  117  7:09  Drone  
  117  7:14  Roach x3  
  124  7:20  Drone x8, Extractor  
  131  7:27  Spine Crawler  
  131  7:28  Spine Crawler  
  131  7:29  Spine Crawler  
  128  7:31  Muscular Augments  
  128  7:35  Hydralisk x5  
  138  7:43  Hydralisk x2  
  142  7:47  Hydralisk x2  
  142  7:50  Overlord x2  
  146  7:55  Extractor  
  146  7:56  Drone x2, Extractor  
  146  7:57  Drone x2  
  146  7:58  Drone x4  
  151  8:00  Overlord  
  152  8:11  Overlord, Drone, Hydralisk x5  
  163  8:17  Zerg Missile Weapons Level 2  
  163  8:19  Pneumatized Carapace  
  163  8:24  Hydralisk x2  
  167  8:32  Hydralisk x3  
  172  8:38  Hydralisk x3  
  172  8:40  Overlord  
  178  8:53  Overlord  
  178  8:57  Hatchery  
  172  9:03  Roach x5  
  172  9:09  Roach x6  
  183  9:12  Zergling x6  
  181  9:19  Hydralisk x3  
  184  9:26  Overlord  
  184  9:35  Hatchery  
  183  9:48  Hydralisk  
  183  9:49  Grooved Spines, Hydralisk x4  
  193  10:10  Infestation Pit, Lurker Den  
  191  10:15  Overseer  
  176  10:45  Drone x3  
  165  10:50  Hydralisk x18  
  196  10:57  Zergling x6  
  196  10:58  Zergling x2  
Show
View Real Time Build Order
Export as new Build Order

Tesla Protoss 

Build Orders: 1 Gate Expand, Oracle Opening, Phoenix Opening, Archon Immortal, Zealot Archon 

Get SALT Encoding   

  12  0:00  Probe  
  13  0:12  Probe  
  14  0:20  Pylon  
  14  0:24  Probe  
  15  0:35  Probe  
  15  0:40  Gateway  
  16  0:43  Probe  
  16  0:46  Assimilator  
  17  0:53  Probe  
  18  1:05  Probe  
  19  1:24  Nexus  
  19  1:31  Probe  
  19  1:33  Cybernetics Core  
  19  1:39  Probe  
  20  1:41  Assimilator  
  21  1:48  Probe  
  21  1:53  Pylon  
  22  2:00  Probe  
  23  2:07  Adept  
  23  2:12  Probe  
  26  2:24  Stargate  
  26  2:26  Adept, Probe  
  28  2:37  Warp Gate  
  28  2:38  Probe  
  28  2:40  Probe  
  30  2:45  Adept  
  30  2:50  Probe  
  31  2:52  Probe  
  34  3:02  Probe  
  34  3:04  Probe  
  36  3:07  Phoenix  
  36  3:10  Probe  
  38  3:16  Probe  
  38  3:18  Probe  
  40  3:24  Pylon  
  41  3:28  Probe x2  
  43  3:35  Oracle  
  46  3:42  Probe  
  46  3:44  Probe  
  46  3:47  Assimilator  
  48  3:51  Assimilator  
  48  3:54  Probe  
  48  3:55  Twilight Council  
  49  3:58  Gateway  
  49  4:01  Gateway  
  49  4:02  Probe  
  50  4:07  Probe  
  51  4:14  Probe  
  52  4:18  Pylon  
  52  4:19  Resonating Glaives, Probe  
  53  4:26  Probe  
  53  4:27  Pylon  
  54  4:39  Probe x2  
  54  4:44  Robotics Facility  
  56  4:47  Forge  
  56  4:50  Adept  
  58  4:53  Pylon  
  58  4:55  Adept  
  58  4:57  Adept  
  62  5:06  Pylon  
  62  5:13  Adept  
  64  5:20  Adept, Protoss Ground Weapons Level 1  
  66  5:23  Adept  
  66  5:35  Adept  
  66  5:38  Nexus  
  66  5:39  Pylon  
  66  5:41  Adept  
  68  5:44  Adept  
  68  5:45  Probe x2  
  72  5:54  Immortal  
  72  5:57  Probe x2  
  72  5:58  Adept  
  72  5:59  Adept x2  
  72  6:03  Charge, Pylon  
  84  6:09  Probe x2  
  82  6:21  Probe x2  
  84  6:29  Immortal, Templar Archives  
  84  6:32  Sentry x3  
  90  6:33  Probe x2  
  96  6:45  Probe  
  96  6:46  Probe  
  95  6:58  Gateway, Probe  
  95  7:00  Gateway  
  95  7:01  Gateway x2, Probe  
  97  7:07  Immortal  
  96  7:09  Protoss Ground Armor Level 1, High Templar x2  
  96  7:10  Zealot  
  96  7:12  Probe x2  
  96  7:13  Probe  
  97  7:16  Archon  
  100  7:24  Probe x2  
  100  7:27  Pylon  
  102  7:31  Probe  
  102  7:36  Probe x2  
  105  7:40  Sentry  
  105  7:42  Sentry x2  
  105  7:43  Probe, Warp Prism  
  112  7:44  Pylon  
  112  7:48  Probe x2  
  116  8:05  High Templar x2, Pylon  
  120  8:06  Zealot x3, Pylon  
  120  8:11  Zealot x2  
  120  8:12  Archon  
  130  8:22  Pylon  
  130  8:24  Pylon  
  130  8:26  Zealot x3  
  134  8:34  Photon Cannon  
  134  8:36  Shield Battery  
  134  8:38  High Templar x2  
  134  8:39  Zealot x2  
  142  8:42  Archon  
  142  8:45  Archon x2  
  142  8:49  Zealot x3  
  148  9:02  Zealot x2  
  117  9:11  Psionic Storm  
  117  9:12  Zealot  
  117  9:14  Immortal  
  117  9:15  Zealot x4  
  125  9:17  Probe  
  125  9:18  Assimilator, Probe x2  
  125  9:20  Assimilator  
  128  9:27  Zealot x2  
  132  9:34  High Templar  
  134  9:39  Probe x2  
  134  9:40  Probe  
  134  9:41  High Templar x2  
  134  9:42  Zealot x2  
  145  9:45  Immortal  
  145  9:56  Pylon  
  145  9:57  High Templar x2  
  153  10:17  Zealot, Immortal  
  153  10:18  Zealot x4  
  163  10:27  Forge  
  160  10:40  Zealot x6  
  124  10:51  Zealot  
  102  11:01  Zealot x2  
  102  11:02  Zealot x3  
Tags
 
Add a new tag
Caveats
  • Supply blocks, unpowered buildings, or Contaminate may cause inaccurate times.
  • Supply counts are checked every 10 seconds.